 Dungeon Crawl Stone Soup version 0.25-a0-890-g62861fb195 (webtiles) character file.

Game seed: 9351636634476076571, levelgen mode: deterministic

562 Eltomo the Cudgeler (level 7, -13/91 HPs)
             Began as a Hill Orc Berserker on May 2, 2020.
             Was a Believer of Trog.
             Mangled by an orc warrior
             ... wielding the +7 flail "Giantbane" {protect, *Rage rPois MR+}
              (18 damage)
             ... on level 6 of the Dungeon on Jan 18, 2021.
             The game lasted 00:25:33 (2822 turns).

Eltomo the Cudgeler (Hill Orc Berserker)            Turns: 2822, Time: 00:25:34

Health: -13/91     AC: 14    Str: 22    XL:     7   Next: 32%
Magic:  7/7        EV:  7    Int:  7    God:    Trog [**....]
Gold:   127        SH:  0    Dex: 10    Spells: 6/6 levels left

rFire    . . .     SeeInvis .   f - +1 flail
rCold    . . .     Gourm    +   (no shield)
rNeg     . . .     Faith    .   p - +0 plate armour
rPois    .         Spirit   .   m - +1 helmet
rElec    .         Reflect  .   (no cloak)
rCorr    .         Harm     .   (no gloves)
MR       .....                  (no boots)
Stlth    ..........             q - amulet of the gourmand
HPRegen  0.25/turn              (no ring)
MPRegen  0.10/turn              (no ring)

@: berserking, very quick
A: no striking features
a: Berserk, Trog's Hand, Renounce Religion, Convert to Beogh


You were on level 6 of the Dungeon.
You worshipped Trog.
Trog was pleased with you.
You were near starving.

You visited 1 branch of the dungeon, and saw 6 of its levels.

You collected 127 gold pieces.

Inventory:

Hand Weapons
 a - a +0 mace
 f - a +1 flail (weapon)
 i - a +0 club
 w - a +0 halberd
Missiles
 d - 139 stones (quivered)
 j - 6 boomerangs
 r - 45 bolts
 t - 16 sling bullets
Armour
 b - a +0 animal skin
 g - a +0 robe
 m - a +1 helmet (worn)
 p - a +0 plate armour (worn)
Jewellery
 q - an amulet of the gourmand (around neck)
 y - an uncursed ring of see invisible
Scrolls
 k - a scroll of remove curse
 l - a scroll of fear {unknown}
 n - 2 scrolls of identify
 v - 3 scrolls of amnesia
Potions
 e - 2 potions of flight {unknown}
 h - a potion of cancellation {unknown}
 o - 4 potions of heal wounds {unknown}
 u - a potion of degeneration {unknown}
 x - 2 potions of curing {unknown}
Comestibles
 c - a ration


   Skills:
 + Level 5.6 Fighting
 + Level 6.6 Maces & Flails
 + Level 4.4 Armour
 + Level 2.1 Dodging
 + Level 0.4 Stealth


You had 6 spell levels left.
You didn't know any spells.
Your spell library was empty.

Dungeon Overview and Level Annotations

Branches:
Dungeon (6/15)
 Temple: D:4-7

Altars:
Qazlal
Xom
Beogh

Annotations:
D:6 Borgoz's ghost, novice GrBe


Message History

You completely miss the orc warrior.
The orc warrior is heavily wounded.
You are feeling hungry.
The orc priest shouts, "Surrender to Beogh and we'll let you live!"
The orc warrior goes berserk!
The orc warrior barely misses you.
You closely miss the orc warrior.
The orc warrior is heavily wounded.
The orc warrior barely misses you.
You hit the orc warrior but do no damage.
The orc warrior is heavily wounded.
The orc warrior hits you with the +7 flail "Giantbane" {protect, *Rage rPois MR+}!!
* * * LOW HITPOINT WARNING * * *
The orc warrior hits you with the +7 flail "Giantbane" {protect, *Rage rPois MR+}.
* * * LOW HITPOINT WARNING * * *
Unknown command.
A red film seems to cover your vision as you go berserk!
You feel yourself moving faster!
You feel mighty!
You are near starving!
The orc warrior hits you with the +7 flail "Giantbane" {protect, *Rage rPois MR+}!!
You die... #.### oW.

###o# #..o.#####....#
.##
#...h.....o...#...# #
######'''######...#..
8......o......8......
#######h#######....
#.# ... #h######.#
#oo@.....# #######.##
#>## ##.# ##.## #..#
##.## #..# ##.##


You could see a warg, an orc warrior (berserk) and an orc priest.

Vanquished Creatures
  2 sky beasts (D:5)
  A scorpion (D:5)
  A howler monkey (D:5)
  2 centaur skeletons
  Jessica (D:2)
  A worker ant (D:5)
  5 adders
  6 gnolls
  A worm (D:2)
  3 dart slugs
  3 leopard geckos
  6 orcs
  A ball python (D:3)
  11 bats
  2 giant cockroaches (D:5)
  5 goblins
  5 hobgoblins
  5 jackals (D:3)
  A kobold (D:2)
  A quokka (D:4)
  4 frilled lizards
  A quokka zombie (D:5)
  7 rats
75 creatures vanquished.

Notes
Turn   | Place    | Note
-------+----------+-------------------------------------------
     0 | D:1      | Eltomo the Hill Orc Berserker began the quest for the Orb.
     0 | D:1      | Reached XP level 1. HP: 19/19 MP: 1/1
   405 | D:1      | Reached XP level 2. HP: 22/27 MP: 2/2
   679 | D:2      | Reached skill level 4 in Maces & Flails
   783 | D:2      | Reached XP level 3. HP: 31/33 MP: 3/3
   873 | D:2      | Reached ** piety under Trog
  1103 | D:2      | Noticed Jessica
  1106 | D:2      | Killed Jessica
  1106 | D:2      | Reached XP level 4. HP: 40/40 MP: 4/4
  1388 | D:2      | Reached skill level 5 in Maces & Flails
  1396 | D:2      | Reached XP level 5. HP: 27/47 MP: 5/5
  1399 | D:2      | Found a stormy altar of Qazlal.
  2264 | D:4      | Found a shimmering altar of Xom.
  2271 | D:4      | Found a shimmering altar of Xom.
  2284 | D:4      | Found a shimmering altar of Xom.
  2288 | D:4      | You fall into a shaft and drop 1 floor!
  2288 | D:5      | Entered Level 5 of the Dungeon
  2345 | D:5      | Noticed a sky beast
  2346 | D:5      | Noticed a sky beast
  2362 | D:5      | Reached XP level 6. HP: 46/55 MP: 6/6
  2379 | D:5      | Killed a sky beast
  2379 | D:5      | Reached skill level 5 in Fighting
  2379 | D:5      | Reached skill level 6 in Maces & Flails
  2384 | D:5      | Killed a sky beast
  2384 | D:5      | Reached XP level 7. HP: 11/61 MP: 7/7
  2404 | D:5      | Reached *** piety under Trog
  2797 | D:6      | Found a runed translucent gate.
  2797 | D:6      | Found a runed translucent gate.
  2798 | D:6      | Found a runed translucent gate.
  2799 | D:6      | Noticed Borgoz's ghost (novice GrBe)
  2801 | D:6      | Identified the +7 flail "Giantbane" {protect, *Rage rPois
                  | MR+}
  2801 | D:6      | Noticed a warg
  2802 | D:6      | Found a roughly hewn altar of Beogh.
  2821 | D:6      | HP: 3/61 [orc warrior/the +7 flail "Giantbane" {protect,
                  | *Rage rPois MR+} (1)]
  2822 | D:6      | Mangled by an orc warrior

Levels and vault maps discovered:
D:1:      dpeg_arrival_lava_temple_mockup, layout_basic, kennysheep_small_spiral
D:2:      cheibrodos_greedy_goblins, layout_loops_ring, grunt_qazlal_sundering,
          kennysheep_path_1, uniq_jessica
D:3:      layout_loops_cross, nicolae_ru_the_path_less_chosen
D:4:      layout_basic, zin_angel, xom_redecorated, portal_sewer_entry_c,
          uniq_robin, uniq_menkaure, uniq_natasha
D:5:      layout_loops_ring, first_ration
D:6:      layout_cave_pods, lemuel_zombie_altar_yredelemnul,
          chequers_ossuary_entry_cave, biasface_ghost_orc_armoury,
          glass_columns_a, uniq_maggie

Skill      XL: |  1  2  3  4  5  6 |
---------------+-------------------+-----
Maces & Flails | 4 5 6 |  6.6
Fighting       | 4 5 |  5.6
Dodging        | 2 |  2.1
Armour         | 3 4 |  4.4
Stealth        | |  0.4

Action                   |  1- 3 |  4- 6 |  7- 9 || total
-------------------------+-------+-------+-------++-------
Melee: Mace              |    66 |    88 |       ||   154
       Flail             |       |   118 |    32 ||   150
Throw: Stone             |       |     1 |       ||     1
Invok: Berserk           |       |     1 |     1 ||     2
  Use: Scroll            |       |     5 |       ||     5
 Stab: Sleeping          |     1 |       |       ||     1
  Eat: Ration            |       |     2 |       ||     2
Armor: Animal skin       |    15 |       |       ||    15
       Plate armour      |    29 |   202 |    19 ||   250
Dodge: Dodged            |    66 |   103 |    18 ||   187

Table legend:
 A = Non-vault XP
 B = Vault XP
 C = Vault XP percentage of total XP
 D = Non-vault monster count
 E = Vault monster count
 F = Vault count percentage of total count
                 A         B        C        D         E       F
            +---------+---------+-------+---------+---------+-------
      Total |     764 |      40 |   5.0 |      73 |       2 |   2.7
            +---------+---------+-------+---------+---------+-------
        D:1 |      25 |       0 |   0.0 |      14 |       0 |   0.0
        D:2 |     118 |      37 |  23.9 |      24 |       1 |   4.0
        D:3 |      71 |       0 |   0.0 |      20 |       0 |   0.0
        D:4 |      42 |       0 |   0.0 |       3 |       0 |   0.0
        D:5 |     508 |       0 |   0.0 |      12 |       0 |   0.0
        D:6 |       0 |       3 | 100.0 |       0 |       1 | 100.0
            +---------+---------+-------+---------+---------+-------
